 Dungeon Crawl Stone Soup version 0.29-a0-270-g1586fc07ea (webtiles) character file.

Game seed: 10463658468262152962

16 siradein the Skirmisher (level 2, 0/23 HPs)
             Began as a Vampire Fighter on Mar 7, 2022.
             Succumbed to a kobold's poison
             ... on level 1 of the Dungeon.
             The game lasted 00:02:06 (507 turns).

siradein the Skirmisher (Vampire Fighter)            Turns: 507, Time: 00:02:07

Health: 0/23       AC:  6    Str: 15    XL:     2   Next: 37%
Magic:  2/2        EV:  9    Int: 10    God:
Gold:   81         SH:  4    Dex: 13    Spells: 1/1 levels left

rFire   . . .      SeeInvis +   a - +0 long sword
rCold   . . .      Faith    .   c - +0 buckler
rNeg    . . .      Spirit   .   b - +0 scale mail
rPois   .          Reflect  .   (no helmet)
rElec   .          Harm     .   f - scarf {shadows}
rCorr   .          Rampage  .   (no gloves)
Will    .....                   (no boots)
Stlth   ..........              (no amulet)
HPRegen 0.27/turn               (no ring)
MPRegen 0.08/turn               (no ring)

@: lethally poisoned (0 -> -11), healing quickly
A: alive, fangs 3, see invisible, vampiric 1
a: Exsanguinate


You were on level 1 of the Dungeon.
You visited 1 branch of the dungeon, and saw 1 of its levels.

You collected 81 gold pieces.

Inventory:

Hand Weapons
 a - a +0 long sword (weapon)
Armour
 b - a +0 scale mail (worn)
 c - a +0 buckler (worn)
 f - a scarf of shadows (worn)
Scrolls
 e - a scroll of noise {unknown}
Potions
 d - 2 potions of might
 g - a potion of magic {unknown}
 h - a potion of resistance {unknown}
 i - a potion of curing {unknown}


   Skills:
 + Level 2.8 Fighting
 + Level 2.2 Long Blades
 + Level 2.5 Armour
 + Level 0.8 Dodging
 + Level 2.8 Shields


You had one spell level left.
You didn't know any spells.
Your spell library was empty.

Dungeon Overview and Level Annotations

Branches:
Dungeon (1/15)

Altars:


Innate Abilities, Weirdness & Mutations

Your natural rate of healing is accelerated.
You have razor-sharp teeth.
You have supernaturally acute eyesight. (SInv)
You are afflicted with vampirism.


Message History

The endoplasm quivers.
An endoplasm is nearby!
An endoplasm is nearby!
An endoplasm is nearby!
You hit the endoplasm. You bite the endoplasm.
You kill the endoplasm!
No target in view!
No target in view!
You now have 68 gold pieces (gained 11).
You now have 81 gold pieces (gained 13).
A kobold comes into view.
It is wielding a +0 short sword of venom.
The kobold shouts!
The kobold throws a stone.
The stone hits you.
A kobold is nearby!
A kobold is nearby!
A kobold is nearby!
A kobold is nearby!
You barely miss the kobold. Your bite misses the kobold.
The kobold hits you with a +0 short sword of venom.
You are poisoned.
You closely miss the kobold. Your bite misses the kobold.
You feel sick. You block the kobold's attack.
The kobold hits you but does no damage.
You are more poisoned.
You completely miss the kobold.
You feel very sick.
The kobold hits you with a +0 short sword of venom.
You are lethally poisoned!
You barely miss the kobold.
* * * LOW HITPOINT WARNING * * *
You feel very sick. You block the kobold's attack.
You are too injured to fight recklessly!
You are too injured to fight recklessly!
You are too injured to fight recklessly!
You are too injured to fight recklessly!
You are too injured to fight recklessly!
* * * LOW HITPOINT WARNING * * *
You feel very sick.
The kobold throws a stone.
The stone hits you but does no damage.
You die...

#############
######.........@.#
.......#########.#
#######.# #.#
........# #K#
#######.# #.# #.#
#.. # #.# #.. ####
#.# #..# ..... ..#
#..#


You could see a kobold.

Vanquished Creatures
  A bat (D:1)
  An endoplasm (D:1)
  A giant cockroach (D:1)
  4 goblins (D:1)
  2 hobgoblins (D:1)
  A quokka (D:1)
  A ball python (D:1)
  A frilled lizard (D:1)
  A rat (D:1)
13 creatures vanquished.

Notes
Turn   | Place    | Note
-------+----------+-------------------------------------------
     0 | D:1      | siradein the Vampire Fighter began the quest for the Orb.
     0 | D:1      | Reached XP level 1. HP: 17/17 MP: 1/1
   140 | D:1      | Reached XP level 2. HP: 23/23 MP: 2/2
   507 | D:1      | Succumbed to a kobold's poison

Illustrated notes

Levels and vault maps discovered:
D:1:      dreamdust_arrival_sigmund_warning, layout_loops_ring,
          hellmonk_ecumenical_altar_inner_sanctum, minmay_misc_feat_doors

Action                   || total
-------------------------++-------
Melee: Long sword        ||    38
       Bite              ||     5
Armor: Scale mail        ||    17
Dodge: Dodged            ||     8
Block: Buckler           ||     9

Table legend: (Time is in decaauts)
 A = Elapsed time spent in this place.
 B = Non-inter-level travel time spent in this place.
 C = Inter-level travel time spent in this place.
 D = Time resting spent in this place.
 E = Time spent auto-exploring this place.
 F = Levels seen in this place.
 G = Mean time per level.
                   A        B        C        D        E       F      G
               +--------+--------+--------+--------+--------+-----+--------+
         Total |    519 |    519 |      0 |      0 |    396 |   1 |  519.0 |
       Dungeon |    519 |    519 |      0 |      0 |    396 |   1 |  519.0 |
               +--------+--------+--------+--------+--------+-----+--------+

Top non-repeatable levels by time:
     D:1: 519 daAuts
